 Dungeon Sprint DCSS version 0.13-a0-2808-gda3a3b1 (webtiles) character file.

117 JacquesDerrida the Cloud Mage (level 4, 0/24 HPs)
             Began as a Tengu Air Elementalist on Aug 25, 2013.
             Drowned by a water elemental
             ... in the Dungeon (Sprint III: "The Ten Rune Challenge").
             The game lasted 00:02:56 (846 turns).

JacquesDerrida the Cloud Mage (TeAE)                 Turns: 846, Time: 00:02:56

HP   0/24        AC  2     Str  9      XL: 4   Next: 13%
MP   8/8         EV 12     Int 16      God:
Gold 52          SH  0     Dex 14      Spells:  1 memorised,  4 levels left

Res.Fire  : . . .   See Invis. : .   n - +0 elf scimitar
Res.Cold  : . . .   Warding    : .   a - +0 robe
Life Prot.: . . .   Conserve   : .   (no shield)
Res.Poison: .       Res.Corr.  : .   (helmet restricted)
Res.Elec. : .       Clarity    : .   (no cloak)
Sust.Abil.: . .     Spirit.Shd : .   (no gloves)
Res.Mut.  : .       Prev.Telep.: +   (boots unavailable)
Res.Rott. : .       Flight     : .   (no amulet)
Saprovore : . . .                    (no ring)
                                     (no ring)

@: very slightly contaminated, hasted, very quick, slightly resistant to hostile
enchantments, fairly stealthy
A: beak, talons 3
a: no special abilities


You were in the Dungeon.
You were not hungry.

You visited 1 branch You collected 32 gold pieces.

Inventory:

Hand weapons
 n - a +0,+0 elven scimitar (weapon)
Armour
 a - a +0 robe (worn)
Magical devices
 j - a wand of random effects (1)
Comestibles
 c - a bread ration
 p - 2 royal jellies
Scrolls
 i - a scroll of blinking
 k - a scroll of immolation
 o - a scroll of fog
 t - a scroll of holy word
 u - 2 scrolls of remove curse
Potions
 d - a potion of curing
 e - a potion of mutation {unknown}
 g - 2 potions of magic
 h - a potion of berserk rage
 q - 2 potions of cure mutation
 r - a potion of heal wounds
 s - a potion of decay {unknown}
 v - a potion of agility {unknown}
 w - a potion of flight {unknown}
Books
 b - a book of Air

   Spells                             Type                      Level
   *Shock                             Conjuration/Air              1
   Swiftness                          Charms/Air                   2
   Repel Missiles                     Charms/Air                   2
   Flight                             Charms/Air                   3
   Static Discharge                   Conjuration/Air              3
   Lightning Bolt                     Conjuration/Air              5


   Skills:
 - Level 2.1 Dodging
 - Level 2.0 Stealth
 + Level 1.0 Spellcasting
 * Level 7.1 Conjurations
 * Level 8.2 Air Magic


You had 4 spell levels left.
You knew the following spells:

 Your Spells              Type           Power        Failure   Level  Hunger
a - Shock                 Conj/Air       ####         1%          1    ##.....


Dungeon Overview and Level Annotations

Branches:
Dungeon (1/1)

Altars:


Innate Abilities, Weirdness & Mutations

You have a beak for a mouth.
You have claws for feet.


Message History

The water elemental hits you!
Ouch! That really hurt!
* * * LOW HITPOINT WARNING * * *
All of the chunks of flesh in your inventory have completely rotted away.
Evoke which item? (* to show all) (? for menu, Esc to quit)
Zapping:
j - a wand of random effects (3)
Press: ? - help, Shift-Dir - straight line, f/p - water elemental
Aim: a water elemental (heavily damaged, moving very quickly)
The water elemental is unaffected.
This wand has 2 charges left.
The water elemental hits you.
* * * LOW HITPOINT WARNING * * *
The water elemental engulfs you in water!
Evoke which item? (* to show all) (? for menu, Esc to quit)
Zapping:
j - a wand of random effects (2)
Press: ? - help, Shift-Dir - straight line, f/p - water elemental
Aim: a water elemental (heavily damaged, moving very quickly)
The water elemental flickers and vanishes!
Deactivating autopickup; reactivate with Ctrl-A.
This wand has 1 charge left.
You die...

##'####.....♣♣♣♣♣.#
#.....#....≈.♣♣♣..# #+#+#
#.....#...≈≈♣..♣♣.#......
#.....#..≈≈≈≈.♣♣♣.'.⌠....
#####)#..≈≈≈≈≈≈♣..#...###
#.....#.≈≈≈≈≈≈....# ⌠.#
#.....#.≈≈≈≈≈.....# .#
#.....#.≈≈≈.......# #
#'#####.@{........#
#.................#
###################


There were no monsters in sight!

Vanquished Creatures
  A wolf (D)
  Jessica (D)
  An elf (D)
  2 grey rats (D)
  An ooze (D)
6 creatures vanquished.

Vanquished Creatures (others)
  2 draconian scorchers (D)
  A yaktaur (D)
  3 plants (D)
6 creatures vanquished.

Grand Total: 12 creatures vanquished

Notes
Turn   | Place    | Note
--------------------------------------------------------------
     0 | D        | JacquesDerrida, the Tengu Air Elementalist, began the quest for the Orb.
     0 | D        | Reached XP level 1. HP: 10/10 MP: 3/3
    15 | D        | Reached skill level 5 in Air Magic
    43 | D        | Killed a yaktaur
   277 | D        | Noticed Jessica
   281 | D        | Reached XP level 2. HP: 13/15 MP: 3/5
   290 | D        | Killed Jessica
   290 | D        | Reached skill level 5 in Conjurations
   290 | D        | Reached skill level 6 in Air Magic
   290 | D        | Reached XP level 3. HP: 12/19 MP: 0/6
   306 | D        | Killed a white draconian scorcher
   391 | D        | Killed a white draconian scorcher
   430 | D        | Reached skill level 7 in Air Magic
   496 | D        | Noticed a wolf
   509 | D        | Killed a wolf
   509 | D        | Reached skill level 8 in Air Magic
   509 | D        | Reached XP level 4. HP: 2/24 MP: 5/8
   830 | D        | Noticed a water elemental
   846 | D        | Drowned by a water elemental

Action                   |  1- 3 |  4- 6 || total
-------------------------+-------+-------++-------
Melee: Unarmed           |    15 |       ||    15
 Cast: Shock             |    16 |       ||    16
Evoke: Wand              |     2 |     7 ||     9
  Use: Scroll            |     1 |     2 ||     3
       Potion            |     1 |     1 ||     2
